 Dungeon Crawl Stone Soup version 0.29-a0-668-g12ee2bf84d (console) character file.

Game seed: 3409199007775349470

55 om the Firebug (level 3, -2/22 HPs)
             Began as an Octopode Fire Elementalist on June 23, 2022.
             Slain by a goblin
             ... wielding a +0 dagger
             ... led by Robin
              (4 damage)
             ... on level 3 of the Dungeon.
             The game lasted 00:05:33 (1560 turns).

om the Firebug (Octopode Fire Elementalist)         Turns: 1560, Time: 00:05:34

Health: -2/22      AC:  1    Str:  9    XL:     3   Next: 93%
Magic:  6/6        EV: 13    Int: 17    God:
Gold:   83         SH:  0    Dex: 12    Spells: 2/6 levels left

rFire   . . .      SeeInvis .   b - +1 hunting sling (vorpal)
rCold   . . .      Faith    .   (no shield)
rNeg    . . .      Spirit   .   (helmet restricted)
rPois   .          Reflect  .   (no amulet)
rElec   .          Harm     .   (no ring)
rCorr   .          Rampage  .   (no ring)
Will    .....                   (no ring)
Stlth   +++.......              (no ring)
HPRegen 0.07/turn               (no ring)
MPRegen 0.10/turn               (no ring)
                                (no ring)
                                (no ring)

@: no status effects
A: almost no armour, amphibious, 8 rings, camouflage 1, gelatinous body 1,
(nimble swimmer 1), tentacles
a: no special abilities


You were on level 3 of the Dungeon.
You visited 1 branch of the dungeon, and saw 3 of its levels.

You collected 83 gold pieces.

Inventory:

Hand Weapons
 a - a +0 dagger
 b - a +1 vorpal hunting sling (weapon)
Jewellery
 j - a ring of ice
Scrolls
 d - a scroll of teleportation {unknown}
 f - a scroll of blinking {unknown}
Potions
 c - a potion of ambrosia
 g - 2 potions of haste {unknown}
 i - a potion of curing {unknown}
 l - a potion of attraction {unknown}


   Skills:
 + Level 0.4 Fighting
 + Level 0.7 Slings
 - Level 2.0 Dodging
 - Level 2.6 Stealth
 - Level 2.0 Spellcasting
 * Level 1.5 Conjurations
 * Level 4.2 Fire Magic


You had 2 spell levels left.
You knew the following spells:

 Your Spells              Type           Power      Damage    Failure   Level
a - Foxfire               Conj/Fire      44%        2x1d6     6%          1
b - Beastly Appendage     Tmut           2%         N/A       19%         1
c - Scorch                Fire           32%        2d6       4%          2

Your spell library contained the following spells:

 Spells                   Type           Power      Damage    Failure   Level
 Ensorcelled Hibernation  Hex/Ice        2%         N/A       28%         2
 Wereblood                Tmut           1%         N/A       28%         2
 Conjure Flame            Conj/Fire      11%        6-21      19%         3
 Inner Flame              Hex/Fire       8%         N/A       24%         3
 Ozocubu's Armour         Ice            1%         N/A       50%         3
 Spider Form              Tmut/Pois      1%         N/A       50%         3
 Flame Wave               Conj/Fire      11%        2d5       52%         4
 Anguish                  Hex/Necr       0%         N/A       88%         4
 Ozocubu's Refrigeration  Ice            0%         4d5       100%        7


Dungeon Overview and Level Annotations

Branches:
Dungeon (3/15)

Altars:
Fedhas
Qazlal

Shops:
D:1 *=[(   D:3 =

Annotations:
D:3 Robin


Innate Abilities, Weirdness & Mutations

You cannot wear most types of armour.
You are amphibious.
You can wear up to eight rings at the same time.
Your skin changes colour to match your surroundings (Stealth+).
Your rubbery body absorbs attacks. (AC +1, EV +1)
((You are camouflaged when in or above water. (Stealth+)))
You have tentacles for arms and can constrict up to eight enemies at once.


Message History

Magic courses through your body. The goblin hits you with a +0 dagger.
Robin hits you with a +0 dagger. Robin attacks as you move away!
Robin barely misses you. The goblin attacks as you move away!
The goblin hits you with a +0 dagger. Robin throws the goblin at you!
The hobgoblin hits you.
* * * LOW HITPOINT WARNING * * *
Casting: Foxfire (safe; 6% risk of failure)
Confirm with . or Enter, or press ? or * to list all spells.
Okay, then.
You feel much better. The goblin barely misses you.
The hobgoblin barely misses you.
Casting: Foxfire (safe; 6% risk of failure)
Confirm with . or Enter, or press ? or * to list all spells.
Okay, then.
Really read the scroll of torment?
As you read the scroll of torment, it crumbles to dust.
Your body is wracked with pain!
Robin convulses!
The goblin convulses! x2; The hobgoblin convulses! x2; The goblin convulses!
The goblin completely misses you. The hobgoblin barely misses you.
The hobgoblin closely misses you.
A hobgoblin comes into view.
The goblin hits you with a +0 dagger.
Your magical contamination has completely faded away.
Fire: b) +1 hunting sling (vorpal)
Press: ? - help, Q - select action, (/) - cycle Shift-Dir - straight line, f - Robin
Aim: Robin, wielding a +0 dagger, wearing a +0 animal skin and wearing a +0 helmet (severely wounded, 62% to hit)
You shoot a sling bullet. The sling bullet barely misses Robin.
The sling bullet hits the goblin.
You kill the goblin!
Your tentacle spike disappears.
The hobgoblin hits you.
* * * LOW HITPOINT WARNING * * *
The hobgoblin barely misses you. The goblin hits you with a +0 dagger.
* * * LOW HITPOINT WARNING * * *
The goblin misses you.
Fire: b) +1 hunting sling (vorpal)
Press: ? - help, Q - select action, (/) - cycle Shift-Dir - straight line, f/p - Robin
Aim: Robin, wielding a +0 dagger, wearing a +0 animal skin and wearing a +0 helmet (severely wounded, 62% to hit)
You shoot a sling bullet. The sling bullet closely misses Robin.
The sling bullet hits the hobgoblin!
You kill the hobgoblin!
The hobgoblin no longer looks unusually strong.
The goblin closely misses you. The hobgoblin completely misses you.
The hobgoblin closely misses you.
Robin roars a battlecry!
The goblins go into a battle-frenzy!
The goblin hits you with a +0 dagger.
You die...

#### #.. ###.### # #○....#.#
###### #######.....#.##
#....# ........._ggg..#
#.##.# g.## #..(g@#..# #.##.#
g#<##≈).g)#..## #.##.# .
g..###)###...# #.##.# ..
#.#.##.#.....## #.##.#
###.#.#⌠.g........#####.##.##
.....gg.∩..'................>
##+#..⌠.⌠.#....#.....#.#..##
........####....##..#.#.#..#
.......###########..# # #..#
....... .......(.#.# #..#
....... ########.#... #..#


You could see Robin, 3 hobgoblins and 2 goblins.

Vanquished Creatures
  An adder (D:2)
  3 dart slugs
  An orc (D:3)
  3 endoplasms (D:1)
  6 goblins
  5 hobgoblins
  4 kobolds (D:1)
  4 quokkas
  A ball python (D:1)
  4 bats
  A frilled lizard (D:1)
  2 rats
35 creatures vanquished.

Vanquished Creatures (collateral kills)
  4 foxfires (D:1)
4 creatures vanquished.

Vanquished Creatures (others)
  An orc (D:3)
  45 foxfires
  7 plants (D:1)
53 creatures vanquished.

Grand Total: 92 creatures vanquished

Notes
Turn   | Place    | Note
-------+----------+-------------------------------------------
     0 | D:1      | om the Octopode Fire Elementalist began the quest for the
                  | Orb.
     0 | D:1      | Reached XP level 1. HP: 11/11 MP: 3/3
   195 | D:1      | Found Xubiec's Jewellery Emporium.
   212 | D:1      | Reached XP level 2. HP: 11/17 MP: 0/5
   417 | D:1      | Learned a level 1 spell: Beastly Appendage
   419 | D:1      | Found Luhee's Weapon Shop.
   600 | D:1      | Found Qonut's Assorted Antiques.
   663 | D:1      | Reached skill level 4 in Fire Magic
   663 | D:1      | Reached XP level 3. HP: 21/21 MP: 6/6
   693 | D:1      | Learned a level 2 spell: Scorch
   905 | D:1      | Found Poerits's Antique Armour Emporium.
  1152 | D:2      | You fall into a shaft and drop 1 floor!
  1342 | D:3      | Found a blossoming altar of Fedhas.
  1403 | D:3      | Found a faded altar of an unknown god.
  1526 | D:3      | Found Zenifog's Jewellery Emporium.
  1530 | D:3      | Found a stormy altar of Qazlal.
  1545 | D:3      | Noticed Robin
  1560 | D:3      | Slain by a goblin

Illustrated notes

Levels and vault maps discovered:
D:1:      eino_arrival_water_cross, layout_loops_cross, serial_forest,
          infiniplex_forest_clump_curved, infiniplex_forest_lined_3_way,
          infiniplex_forest_zigzag_1, infiniplex_forest_straight_2,
          infiniplex_forest_clump_cross, infiniplex_forest_clump_small,
          infiniplex_forest_lined_corner, infiniplex_forest_straight_2,
          infiniplex_forest_lined_3_way, serial_shops,
          nicolae_shop_hallway_plus, nicolae_shop_behind_doors,
          nicolae_shop_bloodbath_and_beyond, shop, minmay_three_crescents
D:2:      layout_basic, serial_shops, shop, minmay_vboxes
D:3:      layout_basic, fedhas_altar_3, mainiacjoe_overflow_tiny_flanked,
          grunt_qazlal_clouds, chequers_ecumenical_altar_simple_redux,
          serial_shops, shop_fountains, uniq_robin

Skill      XL: |  1  2 |
---------------+-------+-----
Fire Magic     | 4 |  4.2
Fighting       | |  0.4
Slings         | |  0.7
Dodging        | |  2.0
Stealth        | |  2.6
Spellcasting   | |  2.0
Conjurations   | |  1.5

Action                   || total
-------------------------++-------
Melee: Unarmed           ||     1
       Constrict         ||     1
 Fire: Hunting sling     ||    40
 Cast: Foxfire           ||    32
       Beastly Appendage ||     1
  Use: Scroll            ||     4
       Potion            ||     2
Armor: Skin              ||     5
Dodge: Dodged            ||    36

Table legend: (Time is in decaauts)
 A = Elapsed time spent in this place.
 B = Non-inter-level travel time spent in this place.
 C = Inter-level travel time spent in this place.
 D = Time resting spent in this place.
 E = Time spent auto-exploring this place.
 F = Levels seen in this place.
 G = Mean time per level.
                   A        B        C        D        E       F      G
               +--------+--------+--------+--------+--------+-----+--------+
         Total |   1577 |   1541 |     36 |    185 |   1088 |   3 |  525.7 |
       Dungeon |   1577 |   1541 |     36 |    185 |   1088 |   3 |  525.7 |
               +--------+--------+--------+--------+--------+-----+--------+

Top non-repeatable levels by time:
     D:1: 1136 daAuts
     D:3: 413 daAuts
     D:2: 28 daAuts
